AoeStats
← EmirR6S

Arena

507107397Analyzed
4v4 RM · 15d ago on Sep 16, 2026· 47m 8s· 8 players
Game mode
Random Map
Map size
Large (8 player)
Population
200
Speed
Normal
Resources
Standard
Victory
Conquest
Starting age
Dark Age
Ending age
Imperial Age
RankedLock teamsTeams togetherTeam positionsShared explorationLock speedFull tech treeHidden civsTurbo modeCheats
Victory
Defeat
🇷🇴 Burgundians · Romania
932
+12
🇷🇴 Cumans · Romania
916
+12
🇱🇻 Turks · Latvia
876
+14
🇷🇴 Franks · Romania
830
+16
🇲🇽 Burgundians · Mexico
888
-15
🇲🇽 Vietnamese · Mexico
860
-15
🇲🇽 Mongols · Mexico
838
-14
🇲🇽 Huns · Mexico
742
-10
decs0793
12:16 Feudal Age
14:00 Wheelbarrow
15:38 Horse Collar
18:59 Double-Bit Axe
19:08 Gold Mining
19:10 Stone Mining
27:20 Castle Age
27:00 Scale Barding Armor
26:57 Scale Mail Armor
27:12 Forging
28:20 Hand Cart
29:55 Gold Shaft Mining
29:23 Heavy Plow
31:12 Ballistics
32:02 Husbandry
32:28 Chain Barding Armor
32:24 Chain Mail Armor
35:32 Pikeman
36:15 Squires
36:02 Arson
37:14 Caravan
38:12 Masonry
42:41 Imperial Age
42:49 Cavalier
45:52 Murder Holes
46:59 Chemistry
46:45 Halberdier
santos.deluna
9:39 Loom
12:52 Feudal Age
16:33 Castle Age
14:41 Double-Bit Axe
14:39 Horse Collar
15:17 Gold Mining
17:39 Bow Saw
18:31 Heavy Plow
25:42 Fletching
30:08 Fortified Wall
32:25 Thumb Ring
36:45 Imperial Age
34:48 Padded Archer Armor
35:13 Bodkin Arrow
34:47 Crossbowman
38:16 Wheelbarrow
40:43 Ballistics
41:24 Chemistry
41:01 Arbalester
joseabrojo
0:28 Loom
5:48 Double-Bit Axe
13:46 Feudal Age
16:41 Wheelbarrow
16:03 Horse Collar
16:25 Stone Mining
18:13 Hand Cart
22:33 Castle Age
22:26 Scale Barding Armor
22:32 Forging
22:25 Heavy Plow
22:40 Bow Saw
24:02 Crop Rotation
24:23 Husbandry
24:55 Scale Mail Armor
25:55 Fletching
29:17 Iron Casting
30:05 Squires
41:02 Two-Man Saw
42:42 Imperial Age
44:09 Elite Skirmisher
mau.mnry
11:16 Feudal Age
13:16 Loom
17:04 Castle Age
16:21 Double-Bit Axe
19:41 Bow Saw
20:34 Gold Mining
29:12 Imperial Age
28:07 Wheelbarrow
30:11 Capped Ram
30:16 Pikeman
30:56 Squires
30:44 Arson
31:13 Forging
31:04 Scale Mail Armor
33:55 Hand Cart
34:35 Drill
34:01 Siege Ram
35:22 Horse Collar
35:30 Town Watch
35:23 Man-at-Arms
38:09 Fortified Wall
38:20 Ballistics
39:14 Iron Casting
38:54 Chain Mail Armor
39:24 Long Swordsman
40:26 Two-Handed Swordsman
41:49 Champion
YANNICKKO
10:10 Feudal Age
9:08 Loom
18:13 Castle Age
16:02 Loom
17:24 Wheelbarrow
19:16 Double-Bit Axe
22:49 Hand Cart
28:29 Bow Saw
28:13 Stone Mining
28:17 Gold Mining
32:01 Gold Shaft Mining
31:40 Forging
31:36 Scale Barding Armor
31:34 Padded Archer Armor
38:45 Imperial Age
37:03 Iron Casting
36:43 Leather Archer Armor
36:49 Chain Barding Armor
37:45 #83
39:26 Cavalier
40:45 Plate Barding Armor
41:11 Blast Furnace
40:29 Siege Engineers
40:41 Masonry
44:48 Paladin
George Droyd
13:06 Feudal Age
18:18 Horse Collar
18:25 Double-Bit Axe
20:59 Castle Age
20:02 Wheelbarrow
20:33 Stone Mining
20:34 Gold Mining
21:42 Heavy Plow
21:56 Bow Saw
24:05 Loom
25:41 Scale Barding Armor
25:47 Forging
26:27 Hand Cart
26:21 Crossbowman
28:18 Gold Shaft Mining
32:55 Pikeman
33:07 Capped Ram
36:29 Chain Barding Armor
36:45 Iron Casting
40:11 Imperial Age
38:06 Steppe Husbandry
40:31 Cavalier
40:33 Elite Steppe Lancer
42:18 Crop Rotation
42:53 Two-Man Saw
41:31 Elite Kipchak
43:04 Halberdier
43:44 Squires
43:29 Arson
45:34 Bloodlines
EmirR6S
12:24 Feudal Age
17:00 Castle Age
15:02 Double-Bit Axe
16:00 Bow Saw
18:10 Wheelbarrow
19:17 Scale Mail Armor
19:25 Scale Barding Armor
19:35 Stone Mining
22:08 Horse Collar
23:33 Hand Cart
23:28 Loom
25:30 Hand Cart
29:42 Heavy Plow
30:22 Gold Mining
35:40 Imperial Age
35:33 Gold Shaft Mining
35:33 Stone Shaft Mining
36:36 Two-Man Saw
35:54 Treadmill Crane
36:52 Stone Shaft Mining
36:45 Burgundian Vineyards
37:03 Chain Barding Armor
37:21 Town Watch
38:05 Forging
39:17 Chemistry
37:47 Cavalier
38:29 Husbandry
38:52 Murder Holes
39:07 Masonry
41:06 Town Patrol
41:46 Iron Casting
41:47 Plate Barding Armor
42:30 Elite Coustillier
Latvijas Balzams
9:43 Loom
11:28 Feudal Age
12:37 Feudal Age
13:04 Feudal Age
16:51 Castle Age
14:42 Double-Bit Axe
14:39 Horse Collar
14:57 Gold Mining
15:04 Stone Mining
15:11 Gold Mining
17:19 Forging
18:09 Wheelbarrow
25:26 Imperial Age
24:54 Bow Saw
25:26 Town Watch
26:05 Hand Cart
25:51 Stone Mining
27:59 Two-Man Saw
28:24 Heavy Plow
29:46 Ballistics
33:38 Fletching
33:58 Thumb Ring
40:10 Conscription
Connection lost

Rejoining the realm…

Still unreachable

The connection could not be restored.

Session expired

The server has moved on; the page needs a fresh start.